Map: Lerilak Crest

Players

ILLBdA

  • Race: Protoss Protoss
  • League: Diamond

呂布 - Winner!

  • Race: Terran Terran
  • League: Diamond

VOD

Have the link to the VOD?

Description

Time

  • Played on: Dec. 21, 2015, 5:16 a.m.
  • Length: 16:09
Show
View Real Time Build Order
Export as new Build Order

ILLBdA Protoss 

Build Orders: 1 Gate Expand, Mass Adepts 

Get SALT Encoding   

  12  0:01  Probe (Chrono Boost)  
  13  0:11  Probe (Chrono Boost)  
  14  0:17  Pylon  
  14  0:22  Probe (Chrono Boost)  
  15  0:35  Probe (Chrono Boost)  
  16  0:37  Gateway  
  16  0:45  Probe (Chrono Boost), Assimilator  
  17  0:56  Probe (Chrono Boost)  
  18  1:06  Probe (Chrono Boost)  
  19  1:20  Nexus  
  19  1:22  Probe (Chrono Boost)  
  20  1:33  Cybernetics Core  
  20  1:35  Probe (Chrono Boost)  
  21  1:43  Assimilator  
  21  1:46  Pylon  
  21  1:50  Probe (Chrono Boost)  
  22  2:01  Probe (Chrono Boost)  
  23  2:11  Adept (Chrono Boost)  
  23  2:12  Mothership Core (Chrono Boost)  
  27  2:18  Warp Gate  
  27  2:33  Probe x2 (Chrono Boost)  
  29  2:38  Pylon  
  29  2:41  Robotics Facility  
  29  2:43  Adept  
  31  2:48  Probe (Chrono Boost)  
  32  2:53  Probe (Chrono Boost)  
  33  2:59  Probe (Chrono Boost)  
  33  3:04  Probe (Chrono Boost)  
  35  3:09  Probe (Chrono Boost)  
  36  3:14  Probe (Chrono Boost), Adept  
  39  3:22  Gateway x2  
  39  3:30  Warp Prism (Chrono Boost)  
  41  3:45  Gateway x2  
  41  3:52  Gateway  
  33  4:32  Adept x3  
  23  4:50  Adept  
  23  4:51  Adept x2  
  23  4:52  Adept  
  23  5:00  Sentry x2  
  25  5:12  Adept  
  21  5:15  Adept x2  
  23  5:23  Zealot  
  21  5:36  Zealot  
  21  5:40  Probe  
  22  5:45  Probe (Chrono Boost)  
  23  6:07  Zealot x2  
  23  6:08  Zealot  
  23  6:09  Sentry x2  
  27  6:24  Adept  
  28  6:27  Probe (Chrono Boost)  
  22  6:45  Probe (Chrono Boost)  
  22  6:46  Probe (Chrono Boost)  
  24  6:58  Probe (Chrono Boost)  
  25  7:03  Probe (Chrono Boost)  
  25  7:08  Adept x2  
  30  7:11  Probe (Chrono Boost)  
  30  7:14  Probe (Chrono Boost)  
  32  7:28  Adept  
  34  7:33  Adept  
  36  7:39  Zealot  
  36  8:00  Stalker x2  
  40  8:11  Adept  
  42  8:18  Adept  
  42  8:24  Zealot x2  
  46  8:36  Pylon  
  46  8:55  Adept x3  
  52  9:03  Adept  
  52  9:08  Pylon  
  54  9:28  Probe (Chrono Boost)  
  55  9:41  Mothership Core (Chrono Boost)  
  55  9:42  Pylon  
  58  9:47  Probe (Chrono Boost)  
  58  9:49  Zealot  
  58  9:50  Zealot  
  62  10:00  Probe (Chrono Boost)  
  62  10:02  Probe (Chrono Boost)  
  64  10:11  Probe (Chrono Boost)  
  66  10:14  Probe (Chrono Boost)  
  66  10:18  Pylon  
  66  10:22  Probe (Chrono Boost)  
  66  10:26  Probe (Chrono Boost)  
  66  10:27  Robotics Bay  
  66  10:28  Assimilator  
  68  10:36  Probe (Chrono Boost)  
  70  10:42  Probe (Chrono Boost)  
  70  10:43  Assimilator  
  70  10:47  Probe (Chrono Boost)  
  71  10:55  Probe (Chrono Boost)  
  72  10:57  Probe (Chrono Boost)  
  72  10:59  Pylon  
  73  11:07  Probe x2 (Chrono Boost)  
  76  11:13  Disruptor (Chrono Boost)  
  76  11:18  Probe, Pylon  
  79  11:24  Adept x2  
  83  11:27  Sentry  
  85  11:45  Disruptor (Chrono Boost)  
  85  11:46  Twilight Council  
  88  11:50  Stalker  
  63  12:22  Disruptor (Chrono Boost)  
  57  12:27  Probe  
  61  12:33  Blink (Chrono Boost)  
  61  12:34  Probe  
  61  12:35  Zealot  
  61  12:36  Zealot x3  
  70  12:40  Probe  
  71  12:46  Probe  
  72  12:52  Probe  
  72  12:57  Stalker  
  72  12:58  Probe  
  76  13:00  Stalker  
  76  13:02  Observer  
  79  13:12  Stalker  
  81  13:13  Stalker  
  83  13:20  Stalker  
  85  13:40  Pylon  
  85  13:41  Pylon  
  85  13:46  Probe  
  86  13:50  Pylon x2  
  86  13:58  Probe  
  87  14:02  Adept  
  87  14:03  Adept x2  
  88  14:12  Stalker x2  
  82  14:23  Stalker x2  
  82  14:31  Adept  
  82  14:38  Stalker x2  
  88  14:45  Adept  
  88  14:46  Adept x2  
  92  14:56  Stalker  
  90  15:01  Sentry  
  92  15:11  Stalker x2  
  63  15:22  Stalker x2  
  67  15:29  Stalker  
  67  15:30  Stalker  
  71  15:38  Stalker  
Show
View Real Time Build Order
Export as new Build Order

呂布 Terran - Winner!

Build Orders:  

Get SALT Encoding   

  12  0:00  SCV  
  13  0:13  SCV  
  14  0:17  Supply Depot  
  14  0:25  SCV  
  15  0:39  SCV  
  16  0:45  Refinery  
  16  0:51  SCV  
  17  1:03  SCV  
  18  1:15  SCV  
  19  1:32  Barracks  
  19  1:34  SCV  
  19  1:35  Barracks  
  20  1:46  SCV  
  21  1:52  Supply Depot, Barracks  
  21  1:58  SCV  
  22  2:10  SCV  
  23  2:18  Supply Depot  
  23  2:21  Marine  
  24  2:23  Barracks Tech Lab  
  24  2:31  Orbital Command  
  24  2:39  Barracks Reactor  
  24  2:41  Barracks Reactor, Marine  
  24  2:43  Combat Shields  
  24  2:59  Marine  
  25  3:07  Barracks  
  25  3:15  Bunker  
  25  3:16  Marine x2  
  25  3:17  Marine  
  25  3:18  Marine x2  
  30  3:28  Supply Depot  
  30  3:34  Marine x2  
  30  3:35  Marine  
  30  3:36  Marine x2  
  35  3:50  Supply Depot  
  35  3:51  Marine  
  35  3:52  Marine  
  35  3:53  Marine x2  
  35  3:54  Marine x2  
  41  4:09  Marine x2  
  42  4:11  Marine x3  
  42  4:12  Marine  
  43  4:36  Marine  
  43  4:37  Marine x3  
  43  4:38  Marine x2  
  40  4:54  Marine x2  
  40  4:55  Marine x3  
  40  4:56  Marine  
  40  5:12  Marine x3  
  40  5:13  Marine x3  
  37  5:23  SCV  
  38  5:30  Marine x3  
  38  5:31  Marine x3  
  35  5:55  Marine  
  35  6:01  Command Center  
  35  6:04  Factory  
  35  6:13  Marine  
  31  6:28  SCV  
  31  6:31  Marine  
  29  6:46  SCV  
  30  6:48  Marine  
  31  6:58  SCV  
  32  7:02  Refinery  
  32  7:05  Starport  
  32  7:07  Factory Reactor  
  32  7:10  SCV, Barracks Tech Lab  
  32  7:11  Barracks Reactor  
  32  7:12  Barracks Reactor  
  33  7:18  Barracks Reactor  
  33  7:22  SCV  
  34  7:30  Stimpack  
  34  7:31  Marine  
  34  7:34  SCV  
  36  7:37  Orbital Command  
  36  7:47  SCV  
  36  7:49  Bunker  
  36  7:50  Bunker, Marine  
  36  7:51  Bunker  
  38  7:59  SCV  
  38  8:00  Engineering Bay  
  38  8:02  Marine x2  
  38  8:03  Marine  
  41  8:10  Marine x3  
  41  8:11  Marine  
  43  8:20  Marine  
  38  8:34  Marine x4  
  37  8:38  Medivac  
  37  8:40  Medivac  
  42  8:44  Marine  
  43  8:55  Marine x3  
  45  8:56  Orbital Command  
  45  9:08  Marine  
  44  9:10  Medivac  
  46  9:22  Marine x3  
  49  9:38  Liberator x2  
  49  9:39  Orbital Command  
  49  9:59  SCV  
  56  10:24  Marine x2  
  58  10:29  Supply Depot  
  58  10:31  SCV x2  
  58  10:33  Liberator x2  
  60  10:43  SCV x2  
  68  10:57  Marine x2  
  70  11:16  Supply Depot  
  70  11:17  Supply Depot  
  70  11:18  Supply Depot  
  70  11:21  Terran Infantry Weapons Level 1  
  70  11:25  Command Center  
  70  11:38  Marine x7  
  77  11:56  Marine  
  69  12:12  Marine x3  
  64  12:18  Liberator x2  
  56  12:27  Marine x2  
  56  12:28  Marine x2  
  60  12:30  Marine  
  60  12:31  SCV  
  60  12:32  SCV  
  69  12:39  Refinery x2  
  69  12:44  SCV x2, Starport, Orbital Command  
  71  12:56  SCV x2  
  73  13:01  Liberator x2  
  73  13:08  SCV  
  73  13:12  Marine x2  
  74  13:13  Marine x4  
  74  13:18  SCV  
  74  13:19  SCV  
  88  13:23  Starport Reactor  
  88  13:26  SCV  
  89  13:30  SCV  
  90  13:35  Marine x4  
  90  13:36  Marine  
  90  13:37  Marine x2  
  97  13:53  Marine x4  
  89  14:20  Liberator x2  
  89  14:23  Marine x3  
  89  14:30  Marine x2  
  90  14:34  Marine x2  
  90  14:38  Medivac x2  
  102  14:41  Marine x3  
  102  14:42  Refinery  
  102  14:43  Refinery  
  104  14:48  Marine x2  
  104  14:52  Marine  
  105  14:53  Command Center  
  104  15:04  Marine  
  104  15:07  Liberator x3  
  104  15:08  Medivac  
  90  15:18  Marine x3  
  90  15:19  Marine x2  
  87  15:25  SCV x3  
  99  15:36  Marine  
  99  15:37  SCV x3, Marine x3  
Tags
 
Composition
Mass Adepts
Matchup
PvT
Replay Pack
me
Add a new tag
Caveats
  • Supply blocks, unpowered buildings, or Contaminate may cause inaccurate times.
  • Supply counts are checked every 10 seconds.